 Dungeon Crawl Stone Soup version 0.31.0-11-ge490571c62 (webtiles) character file.

Game seed: 11143671470724025452

62 qw the Shooter (level 3, 0/20 HPs)
             Began as a Deep Elf Hunter on Feb 4, 2024.
             Slain by a gnoll
             ... wielding a +0 spear of venom
              (3 damage)
             ... on level 2 of the Dungeon.
             The game lasted 00:00:10 (1265 turns).

qw the Shooter (Deep Elf Hunter)                    Turns: 1265, Time: 00:00:11

Health: 0/20       AC:  9    Str: 10    XL:     3   Next: 85%
Magic:  5/5        EV: 11    Int: 13    God:
Gold:   94         SH:  0    Dex: 18    Spells: 2/2 levels left

rFire   . . .        a - +0 shortbow
rCold   . . .        (shield currently unavailable)
rNeg    . . .        j - +0 ring mail
rPois   .            h - +0 helmet
rElec   .            f - +2 cloak
rCorr   .            (no gloves)
SInv    .            (no boots)
Will    .....        (no amulet)
Stlth   +            (no ring)
HPRegen 0.23/turn    (no ring)
MPRegen 0.09/turn

%: no passive effects
@: lethally poisoned (0 -> -11)
A: no striking features
a: no special abilities


You were on level 2 of the Dungeon.
You visited 1 branch of the dungeon, and saw 2 of its levels.

You collected 94 gold pieces.


   Skills:
 - Level 1.5 Fighting
 + Level 7.3 Ranged Weapons
 - Level 2.4 Dodging
 - Level 1.2 Stealth


You had 2 spell levels left.
You didn't know any spells.
Your spell library was empty.

Inventory:

Hand Weapons
 a - a +0 shortbow (weapon)
Armour
 f - a +2 cloak (worn)
 h - a +0 helmet (worn)
 j - a +0 ring mail (worn)
Jewellery
 g - a ring of protection from cold
 i - a ring of fire
Scrolls
 b - 2 scrolls of identify {unknown}
 c - a scroll of enchant armour {unknown}
 d - 3 scrolls of teleportation
Potions
 e - a potion of cancellation {unknown}
 k - a potion of heal wounds {unknown}

Dungeon Overview and Level Annotations

Branches:
Dungeon (2/15)

Altars:


Message History

The gnoll is heavily wounded.
The giant cockroach bites you but does no damage.
The giant cockroach closely misses you.
You shoot an arrow.
The arrow barely misses the giant cockroach.
The arrow hits the gnoll.
The gnoll is almost dead.
The giant cockroach bites you but does no damage.
You shoot an arrow.
The arrow barely misses the giant cockroach.
The arrow hits the gnoll.
The gnoll is almost dead.
The giant cockroach closely misses you. The giant cockroach bites you.
You shoot an arrow.
The arrow hits the giant cockroach but does no damage.
The giant cockroach is moderately wounded.
The giant cockroach closely misses you.
You shoot an arrow. The arrow hits the giant cockroach!
You kill the giant cockroach!
The gnoll closely misses you. The gnoll completely misses you.
You shoot an arrow. The arrow hits the gnoll!
You kill the gnoll!
The gnoll closely misses you.
Your Ranged Weapons skill increases to level 7!
You shoot an arrow. The arrow hits the gnoll.
The gnoll is heavily wounded.
The gnoll barely misses you.
You shoot an arrow. The arrow hits the gnoll!
You kill the gnoll!
You shoot an arrow. The arrow closely misses the gnoll.
The arrow hits the gnoll.
The gnoll is lightly wounded.
The gnoll hits you from afar with a +0 spear of venom.
The gnoll hits you from afar with a +0 spear of venom!
You are lethally poisoned!
You shoot an arrow. The arrow hits the gnoll.
The gnoll is moderately wounded.
You feel very sick.
The gnoll hits you from afar with a +0 spear of venom.
You die...

....
#.........##....####
.#..
#.........##....#
...........##....#
###.....#####.##.#
###### ####.##.#
#####.......#
.........#### ##<
#######.## ... #@#
... #)# #.. #g# .g.
..... .......
......... ##
..........+ .+
+..........#


You could see 2 gnolls.

Vanquished Creatures
  2 gnolls (D:2)
  A dart slug (D:1)
  6 ball pythons
  4 bats
  4 endoplasms
  2 giant cockroaches
  2 goblins (D:1)
  3 hobgoblins
  3 jackals (D:1)
  3 quokkas
  A frilled lizard (D:1)
  2 kobolds (D:1)
  5 rats
38 creatures vanquished.

Notes
Turn   | Place    | Note
-------+----------+-------------------------------------------
     0 | D:1      | qw the Deep Elf Hunter began the quest for the Orb.
     0 | D:1      | Reached XP level 1. HP: 12/12 MP: 3/3
     0 | D:1      | 0 ||| qw: Version: 0.3-a-160-g6735b56
     0 | D:1      | 0 ||| qw: Game counter: 4707
     0 | D:1      | 0 ||| qw: Melee chars always use a shield: true
     0 | D:1      | 0 ||| qw: God list: Okawaru
     0 | D:1      | 0 ||| qw: Allow faded altars: false
     0 | D:1      | 0 ||| qw: Do Orc after clearing Dungeon:15 true
     0 | D:1      | 0 ||| qw: Do second Lair branch before Depths: true
     0 | D:1      | 0 ||| qw: Lair rune preference: random
     0 | D:1      | 0 ||| qw: Goals: Normal
     0 | D:1      | 0 ||| PLANNING D:1-11
    91 | D:1      | Reached XP level 2. HP: 16/16 MP: 4/4
   104 | D:1      | Reached skill level 6 in Ranged Weapons
   576 | D:1      | Reached XP level 3. HP: 20/20 MP: 5/5
   794 | D:1      | 794 ||| UPGRADING to +2 cloak.
   799 | D:1      | 799 ||| UPGRADING to +0 scale mail.
   809 | D:1      | 809 ||| DROPPING +0 leather armour.
   810 | D:1      | 810 ||| UPGRADING to +0 helmet.
   815 | D:1      | 815 ||| UPGRADING to +0 ring mail.
   825 | D:1      | 825 ||| DROPPING +0 scale mail.
   826 | D:1      | 826 ||| READING 4 scrolls labelled EVYEMU SIG YCH.
   829 | D:1      | 829 ||| DRINKING 2 fizzy grey potions.
   830 | D:1      | 830 ||| DROPPING scroll of butterflies.
   831 | D:1      | 831 ||| DROPPING potion of brilliance.
  1193 | D:2      | Found a faded altar of an unknown god.
  1253 | D:2      | 1253 ||| RETREEEEATING.
  1262 | D:2      | Reached skill level 7 in Ranged Weapons
  1265 | D:2      | HP: 3/20 [poisoned by a gnoll]
  1265 | D:2      | Slain by a gnoll

Levels and vault maps discovered:
D:1:      dpeg_arrival_concentric_ovals, layout_basic
D:2:      layout_basic, ebering_ecumenical_altar_webs

Skill      XL: |  1  2  3 |
---------------+----------+-----
Ranged Weapons | 6 7 |  7.3
Fighting       | |  1.5
Dodging        | |  2.4
Stealth        | |  1.2

Action                     || total
---------------------------++-------
   Fire: Shortbow          ||   123
    Use: Scroll            ||     1
         Potion            ||     1
 Armour: Leather armour    ||    24
         Ring mail         ||    11
  Dodge: Dodged            ||    47

Table legend:
 A = Non-vault XP
 B = Vault XP
 C = Vault XP percentage of total XP
 D = Non-vault monster count
 E = Vault monster count
 F = Vault count percentage of total count
                 A         B        C        D         E       F
            +---------+---------+-------+---------+---------+-------
      Total |      89 |       0 |   0.0 |      38 |       0 |   0.0
            +---------+---------+-------+---------+---------+-------
        D:1 |      45 |       0 |   0.0 |      26 |       0 |   0.0
        D:2 |      44 |       0 |   0.0 |      12 |       0 |   0.0
            +---------+---------+-------+---------+---------+-------
